 Dungeon Crawl Stone Soup version 0.30-a0-528-g8c47a4955b (webtiles) character file.

Game seed: 14092844101429631052

58 greenreed the Trooper (level 3, 0/33 HPs)
             Began as a Draconian Fighter on Dec 23, 2022.
             Slain by Natasha (6 damage)
             ... on level 2 of the Dungeon.
             The game lasted 00:01:34 (969 turns).

greenreed the Trooper (Draconian Fighter)            Turns: 969, Time: 00:01:34

Health: 0/33       AC:  5    Str: 20    XL:     3   Next: 75%
Magic:  3/3        EV: 12    Int:  8    God:
Gold:   88         SH:  4    Dex: 10    Spells: 2/2 levels left

rFire   . . .      SeeInvis .    a - +0 flail
rCold   . . .      Faith    .    b - +0 buckler
rNeg    . . .      Spirit   .    (body armour unavailable)
rPois   .          Reflect  .    (helmet restricted)
rElec   .          Harm     .    (no cloak)
rCorr   .          Rampage  .    (no gloves)
Will    .....                    (no boots)
Stlth   +                        (no amulet)
HPRegen 0.25/turn                (no ring)
MPRegen 0.08/turn                (no ring)

@: mighty
A: AC +5, unfitting armour, cold-blooded
a: no special abilities


You were on level 2 of the Dungeon.
You visited 1 branch of the dungeon, and saw 2 of its levels.

You collected 88 gold pieces.

Inventory:

Hand Weapons
 a - a +0 flail (weapon)
Armour
 b - a +0 buckler (worn)
Scrolls
 e - a scroll of silence {unknown}
 f - a scroll of noise {unknown}
 h - a scroll of amnesia {unknown}
 i - a scroll of fear {unknown}
 j - 2 scrolls of torment {unknown}
 k - 2 scrolls of vulnerability {unknown}
 p - a scroll of magic mapping {unknown}
 q - a scroll of enchant weapon {unknown}
Potions
 d - 2 potions of magic {unknown}
 g - a potion of curing {unknown}
 l - a potion of mutation {unknown}
 m - a potion of berserk rage {unknown}
 n - a potion of ambrosia {unknown}
 o - a potion of flight {unknown}


   Skills:
 * Level 3.8 Fighting
 * Level 3.0 Maces & Flails
 + Level 3.1 Dodging
 + Level 0.1 Stealth
 + Level 3.2 Shields


You had 2 spell levels left.
You didn't know any spells.
Your spell library was empty.

Dungeon Overview and Level Annotations

Branches:
Dungeon (2/15)

Altars:

Annotations:
D:2 1 runed translucent door, Crazy Yiuf, Natasha


Innate Abilities, Weirdness & Mutations

Your plain brown scales are hard. (AC +5)
You cannot fit into any form of body armour.
You are cold-blooded and may be slowed by cold attacks.


Message History

Natasha hisses angrily.
You see here 17 gold pieces.
Natasha zaps a wand.
The roots erupt in riotous growth!
The grasping roots grab you! The grasping roots constrict you.
You hear an angry hiss.
You hear a shout! x2
You escape the roots grasp.
Found a stone staircase leading up.
You see here a scroll labelled TIYSYE XOEMN.
Found 4 stones.
Natasha casts a spell.
An adder comes into view.
Natasha claws you but does no damage. The shadow imp gestures at you.
You barely resist. You barely miss Natasha.
Natasha zaps a wand.
The roots erupt in riotous growth!
The grasping roots grab you!
Natasha is unaffected.
The grasping roots constrict you.
A hobgoblin comes into view.
Natasha claws you but does no damage. The grasping roots constrict you.
The hobgoblin shouts!
You hear a shout!
You barely miss Natasha. The shadow imp hits you.
Natasha claws you but does no damage. The grasping roots constrict you.
You barely miss Natasha. The shadow imp barely misses you.
Natasha barely misses you. The grasping roots constrict you.
You hit Natasha.
Your tail-slap misses Natasha.
Natasha is moderately wounded.
The adder bites you. The shadow imp closely misses you.
Natasha casts a spell at you. The magic dart hits you.
The grasping roots constrict you. You block the adder's attack.
The shadow imp hits you.
* * * LOW HITPOINT WARNING * * *
The grasping roots release their grip on you.
You feel very mighty all of a sudden. Natasha closely misses you.
The adder closely misses you. You block the shadow imp's attack.
You miss Natasha.
Natasha is moderately wounded.
The adder barely misses you. Natasha claws you.
You die...

#### #####... ...#
#......# ...#########
#......#
...........####......###
............$.........(.
........................
.##...........?......#
.##..................#
................@5..#<.
................Sh..#
............####.g......
##..#.......# #.....###
#8..#....?.. #.....#
#####...... ........
#...# .......## ....#
.......# ##'##


You could see Natasha, an adder, a shadow imp (summoned) and a hobgoblin.

Vanquished Creatures
  2 adders (D:2)
  2 dart slugs
  2 endoplasms (D:2)
  2 giant cockroaches (D:1)
  2 goblins (D:1)
  5 hobgoblins
  3 jackals (D:2)
  2 quokkas
  6 ball pythons
  2 bats
  4 frilled lizards
  2 kobolds (D:1)
  A rat (D:1)
35 creatures vanquished.

Vanquished Creatures (others)
  A bat (D:1)
1 creature vanquished.

Grand Total: 36 creatures vanquished

Notes
Turn   | Place    | Note
-------+----------+-------------------------------------------
     0 | D:1      | greenreed the Draconian Fighter began the quest for the
                  | Orb.
     0 | D:1      | Reached XP level 1. HP: 19/19 MP: 1/1
   140 | D:1      | Reached XP level 2. HP: 19/26 MP: 2/2
   595 | D:2      | Reached XP level 3. HP: 33/33 MP: 3/3
   833 | D:2      | Found a runed translucent door.
   834 | D:2      | Noticed Crazy Yiuf
   959 | D:2      | Noticed Natasha
   969 | D:2      | Slain by Natasha

Illustrated notes

Levels and vault maps discovered:
D:1:      lightli_arrival_chessboard, layout_basic, serial_glass,
          glass_columns_c, glass_columns_b, glass_columns_a, glass_columns_b,
          glass_columns_a, glass_columns_a
D:2:      layout_basic, shapermc_ecumenical_altar_mp_vishouse, uniq_jessica,
          uniq_crazy_yiuf_cottage, uniq_natasha

Skill      XL: |  1  2  3 |
---------------+----------+-----
Dodging        | 3 |  3.1
Maces & Flails | 3 |  3.0
Fighting       | |  3.8
Stealth        | |  0.1
Shields        | |  3.2

Action                   || total
-------------------------++-------
Melee: Flail             ||    96
       Tailslap          ||     7
  Use: Potion            ||     1
 Stab: Sleeping          ||     1
Armor: Skin              ||    31
Dodge: Dodged            ||   104
Block: Buckler           ||    26

Table legend: (Time is in decaauts)
 A = Elapsed time spent in this place.
 B = Non-inter-level travel time spent in this place.
 C = Inter-level travel time spent in this place.
 D = Time resting spent in this place.
 E = Time spent auto-exploring this place.
 F = Levels seen in this place.
 G = Mean time per level.
                   A        B        C        D        E       F      G
               +--------+--------+--------+--------+--------+-----+--------+
         Total |    999 |    964 |     35 |      0 |    733 |   2 |  499.5 |
       Dungeon |    999 |    964 |     35 |      0 |    733 |   2 |  499.5 |
               +--------+--------+--------+--------+--------+-----+--------+

Top non-repeatable levels by time:
     D:1: 577 daAuts
     D:2: 421 daAuts
